[Event "ICC tourney 2056 (3 2)"]
[Site "Internet Chess Club"]
[Date "2020.10.12"]
[Round "9"]
[White "Rook99"]
[Black "cjcardoso"]
[Result "0-1"]
[ICCResult "White resigns"]
[WhiteElo "1298"]
[BlackElo "1441"]
[Opening "Queen's pawn, Mason variation"]
[ECO "D00"]
[NIC "QP.08"]
[Time "21:09:29"]
[TimeControl "180+2"]

1. d4 d5 2. Bf4 Nf6 3. e3 Bf5 4. c4 c6 5. Nc3 e6 6. Nf3 Bd6 7. Bg3 Bxg3 8.
hxg3 Nbd7 9. c5 a5 10. Bd3 Bxd3 11. Qxd3 h6 12. O-O Qe7 13. Na4 O-O 14. b3
e5 15. Nb6 e4 16. Qd2 Nxb6 17. cxb6 exf3 18. gxf3 Qb4 19. Qxb4 axb4 20. Rfc1
Ra6 {White resigns} 0-1

[Event "ICC tourney 2056 (3 2)"]
[Site "Internet Chess Club"]
[Date "2020.10.12"]
[Round "9"]
[White "Knightboy123"]
[Black "StevChess01"]
[Result "1-0"]
[ICCResult "Black resigns"]
[WhiteElo "1353"]
[BlackElo "1362"]
[Opening "Sicilian: O'Kelly variation"]
[ECO "B28"]
[NIC "SI.43"]
[Time "21:09:18"]
[TimeControl "180+2"]

1. e4 c5 2. Nf3 a6 3. d4 cxd4 4. Nxd4 Nf6 5. Nc3 e5 6. Nb3 Bb4 7. f3 d5 8.
exd5 Nxd5 9. Bd2 Nxc3 10. Bxc3 Bxc3+ 11. bxc3 O-O 12. Bc4 Qc7 13. Bd3 Be6
14. O-O Nd7 15. Qd2 Rac8 16. c4 Bxc4 17. Bxc4 Qxc4 18. Qxd7 Rc7 19. Qd3 Qxc2
20. Qxc2 Rxc2 21. Rfc1 Rd8 22. Rxc2 {Black resigns} 1-0

[Event "ICC tourney 2056 (3 2)"]
[Site "Internet Chess Club"]
[Date "2020.10.12"]
[Round "9"]
[White "BillietheKid"]
[Black "pescadilla"]
[Result "1-0"]
[ICCResult "Black checkmated"]
[WhiteElo "1418"]
[BlackElo "1648"]
[Opening "French: advance variation"]
[ECO "C02"]
[NIC "FR.03"]
[Time "21:09:27"]
[TimeControl "180+2"]

1. e4 e6 2. d4 d5 3. e5 c5 4. c3 Bd7 5. Nf3 a6 6. Bd3 Bb5 7. Bc2 f5 8. a3
Nh6 9. Bxh6 gxh6 10. a4 Bc6 11. Nbd2 Rg8 12. g3 cxd4 13. Nxd4 Qg5 14. Qe2
Kd7 15. f4 Qe7 16. O-O-O Qc5 17. N2b3 Qb6 18. Qh5 Rg6 19. g4 Bxa4 20. gxf5
Rg2 21. Qf7+ Be7 22. f6 Rxc2+ 23. Kxc2 Bxb3+ 24. Nxb3 Qf2+ 25. Rd2 Qxf4 26.
Qxe7+ Kc6 27. Qd6+ Kb5 28. Qc5+ Ka4 29. Ra1# {Black checkmated} 1-0

[Event "ICC tourney 2056 (3 2)"]
[Site "Internet Chess Club"]
[Date "2020.10.12"]
[Round "9"]
[White "NSXchessplayer"]
[Black "kushagra12"]
[Result "1-0"]
[ICCResult "Black checkmated"]
[WhiteElo "1414"]
[BlackElo "1341"]
[Opening "Sicilian defense"]
[ECO "B20"]
[NIC "SI.48"]
[Time "21:09:13"]
[TimeControl "180+2"]

1. e4 c5 2. d3 e6 3. g3 d5 4. exd5 exd5 5. Bg2 Nf6 6. Ne2 Be7 7. O-O O-O 8.
Re1 Re8 9. c3 Bd6 10. Bf4 Bxf4 11. Nxf4 Bg4 12. Rxe8+ Qxe8 13. f3 Qe3+ 14.
Kf1 Bf5 15. Na3 g5 16. Nc2 Qe5 17. Ne2 c4 18. dxc4 Bxc2 19. Qxc2 dxc4 20.
Rd1 Nc6 21. Nd4 Re8 22. Nxc6 bxc6 23. Qd2 h6 24. Re1 Qb5 25. Rxe8+ Nxe8 26.
Ke1 Qa5 27. a3 Qe5+ 28. Kf2 Qc5+ 29. Qe3 Qxe3+ 30. Kxe3 Nd6 31. Kd4 Kf8 32.
Bf1 Nf5+ 33. Ke4 Nd6+ 34. Kd4 Nf5+ 35. Kc5 Ke7 36. Kxc6 Ne3 37. Be2 Ke6 38.
Kc5 Ke5 39. Bxc4 Nxc4 40. Kxc4 Kd6 41. Kd4 f5 42. c4 a5 43. b3 Kc6 44. b4
axb4 45. axb4 h5 46. Ke5 g4 47. fxg4 fxg4 48. Kf5 Kd6 49. Kg5 Ke5 50. Kxh5
Ke4 51. Kxg4 Kd4 52. b5 Kxc4 53. b6 Kc5 54. b7 Kc6 55. b8=Q Kd5 56. Qf4 Ke6
57. Kf3 Kd7 58. Qe4 Kd8 59. Qh7 Kc8 60. Ke4 Kb8 61. Kd5 Kc8 62. Kc6 Kd8 63.
Qd7# {Black checkmated} 1-0

[Event "ICC tourney 2056 (3 2)"]
[Site "Internet Chess Club"]
[Date "2020.10.12"]
[Round "9"]
[White "Alec-hine"]
[Black "pika0008"]
[Result "1-0"]
[ICCResult "Black checkmated"]
[WhiteElo "1688"]
[BlackElo "1370"]
[Opening "QGD Slav: exchange variation"]
[ECO "D13"]
[NIC "SL.02"]
[Time "21:09:38"]
[TimeControl "180+2"]

1. d4 d5 2. c4 c6 3. cxd5 cxd5 4. Nf3 Nf6 5. Nc3 Nc6 6. Bf4 a6 7. e3 e6 8.
Bd3 Bd6 9. Bxd6 Qxd6 10. O-O O-O 11. Rc1 h6 12. Na4 Bd7 13. Nc5 b6 14. Nxd7
Qxd7 15. Qe2 b5 16. Rc5 Rfc8 17. Rfc1 Na5 18. b3 Qd8 19. Qc2 Rxc5 20. Qxc5
Nd7 21. Qc7 Qxc7 22. Rxc7 Nf6 23. Ne5 Ne8 24. Rxf7 Rc8 25. g4 Rc1+ 26. Kg2
Ra1 27. Re7 Nf6 28. Ra7 Rxa2 29. Ra8+ Ne8 30. Rxe8# {Black checkmated} 1-0

[Event "ICC tourney 2056 (3 2)"]
[Site "Internet Chess Club"]
[Date "2020.10.12"]
[Round "9"]
[White "garfield92037"]
[Black "danaglin"]
[Result "1-0"]
[ICCResult "Black resigns"]
[WhiteElo "1416"]
[BlackElo "1230"]
[Opening "Three knights game"]
[ECO "C46"]
[NIC "KP.06"]
[Time "21:09:24"]
[TimeControl "180+2"]

1. e4 e5 2. Nf3 Nc6 3. Nc3 Bc5 4. Nxe5 Nxe5 5. d4 Bxd4 6. Qxd4 Nc6 7. Qxg7
Qf6 8. Qxf6 Nxf6 9. Bd3 d6 10. b3 Be6 11. Bb2 O-O-O 12. O-O-O Rhg8 13. g3
Ng4 14. Rd2 Nd4 15. Nd5 Bxd5 16. Bxd4 Be6 17. f3 Nh6 18. Rhd1 a6 19. c4 Rge8
20. Kc2 Ng8 21. c5 Ne7 22. cxd6 Rxd6 23. Be3 Red8 24. Kb2 Nc6 25. Bf4 R6d7
26. Be2 Rxd2+ 27. Rxd2 Rxd2+ 28. Bxd2 Nd4 29. Bd1 Kd7 30. Be3 Nc6 31. Kc3
Kd6 32. f4 f6 33. Bf3 b5 34. a3 Ne7 35. b4 Nc6 36. Bc5+ Kd7 37. Bg2 Kd8 38.
Bd4 Ke7 39. e5 f5 40. Bxc6 {Black resigns} 1-0

[Event "ICC tourney 2056 (3 2)"]
[Site "Internet Chess Club"]
[Date "2020.10.12"]
[Round "9"]
[White "Laxman90"]
[Black "blackjack721"]
[Result "1-0"]
[ICCResult "Black resigns"]
[WhiteElo "1493"]
[BlackElo "1301"]
[Opening "QGD: 3...Nf6"]
[ECO "D35"]
[NIC "QO.16"]
[Time "21:09:12"]
[TimeControl "180+2"]

1. d4 d5 2. c4 e6 3. Nc3 Nf6 4. g3 a6 5. Bg2 Nbd7 6. a4 c5 7. Nf3 cxd4 8.
Qxd4 Ng4 9. Qxg4 Nf6 10. Qd4 Bd6 11. cxd5 O-O 12. O-O Qc7 13. Bg5 Nxd5 14.
Nxd5 exd5 15. Qxd5 Be6 16. Qd2 f6 17. Be3 Rad8 18. Rac1 Qe7 19. Qa5 f5 20.
Nd4 Bc8 21. Rxc8 Rxc8 22. Nxf5 Rxf5 23. Qxf5 Rf8 24. Qd5+ Kh8 25. Qxb7 Qf6
26. Qxa6 h5 27. Qb5 g6 28. Qd3 Kh7 29. Rd1 Be5 30. Qe4 h4 31. Qxh4+ Kg7 32.
Qxf6+ Bxf6 33. Bd4 Bxd4 34. Rxd4 Rb8 35. b4 Kf6 36. a5 g5 37. a6 Ke5 38. e3
Rc8 39. Rd1 g4 40. a7 Rc2 41. a8=Q Rb2 42. Qd5+ Kf6 43. Qd4+ Kg5 44. Qxb2
Kh5 45. Qh8+ Kg5 46. Rd5+ Kg6 47. Be4+ {Black resigns} 1-0

[Event "ICC tourney 2056 (3 2)"]
[Site "Internet Chess Club"]
[Date "2020.10.12"]
[Round "9"]
[White "BreatheChessAls"]
[Black "PearsonH"]
[Result "1-0"]
[ICCResult "Black resigns"]
[WhiteElo "1623"]
[BlackElo "1478"]
[Opening "Queen's pawn"]
[ECO "A40"]
[NIC "QO.17"]
[Time "21:09:15"]
[TimeControl "180+2"]

1. d4 e6 2. Bf4 d5 3. e3 Bd6 4. Bg3 Nf6 5. Nd2 c5 6. c3 Nc6 7. Ngf3 O-O 8.
Bd3 cxd4 9. exd4 b6 10. O-O Bb7 11. Ne5 Qc7 12. f4 Ne7 13. f5 Nxf5 14. Bxf5
exf5 15. Rxf5 Nd7 16. Qf3 Nxe5 17. dxe5 Bc5+ 18. Kh1 d4 19. Qe2 dxc3 20.
bxc3 Qd7 21. Raf1 Rad8 22. Ne4 Bxe4 23. Qxe4 Qd3 24. Qg4 Qxc3 25. Bh4 Rd4
26. R5f4 Rxf4 27. Qxf4 Qe3 28. Qg4 Qxe5 29. Bf6 Qxf6 30. Rxf6 Rd8 31. Rf1
{Black resigns}
1-0

[Event "ICC tourney 2056 (3 2)"]
[Site "Internet Chess Club"]
[Date "2020.10.12"]
[Round "9"]
[White "wildrumpus"]
[Black "lucachesschess"]
[Result "1/2-1/2"]
[ICCResult "Game drawn by repetition"]
[WhiteElo "1378"]
[BlackElo "1466"]
[Opening "Queen's pawn game"]
[ECO "A45"]
[NIC "QP.07"]
[Time "21:09:14"]
[TimeControl "180+2"]

1. d4 Nf6 2. e3 g6 3. Nf3 Bg7 4. Be2 d6 5. O-O O-O 6. b3 Nbd7 7. Bb2 Re8 8.
c4 c6 9. Nc3 Qc7 10. Qd2 e5 11. dxe5 dxe5 12. Ng5 h6 13. Nge4 Nxe4 14. Nxe4
f5 15. Nd6 Re6 16. Nxc8 Rxc8 17. Rad1 Rd8 18. Qc1 e4 19. c5 Ne5 20. Rxd8+
Qxd8 21. Bxe5 Rxe5 22. Bc4+ Kh7 23. Rd1 Qc7 24. b4 Re7 25. a4 Be5 26. g3 h5
27. Qa3 h4 28. Ba2 hxg3 29. hxg3 Re8 30. Qb3 Kg7 31. Kg2 Qe7 32. Qc4 Rh8 33.
Rh1 Rxh1 34. Qg8+ Kf6 35. Kxh1 Qg7 36. Qd8+ Qe7 37. Qh8+ Qg7 38. Qd8+ Qe7
39. Qh8+ Qg7 40. Qd8+ {Game drawn by repetition} 1/2-1/2

[Event "ICC tourney 2056 (3 2)"]
[Site "Internet Chess Club"]
[Date "2020.10.12"]
[Round "9"]
[White "KingPidgenYT"]
[Black "Kinawa"]
[Result "1-0"]
[ICCResult "Black checkmated"]
[WhiteElo "1412"]
[BlackElo "1451"]
[Opening "Bird's opening: Lasker variation"]
[ECO "A03"]
[NIC "VO.07"]
[Time "21:10:06"]
[TimeControl "180+2"]

1. f4 d5 2. Nf3 Nf6 3. e3 c5 4. Bb5+ Nc6 5. Bxc6+ bxc6 6. b3 Bg4 7. Bb2 e6
8. O-O Bd6 9. d3 O-O 10. Nbd2 h6 11. Qe1 Re8 12. Qg3 Bf5 13. Ne5 Bxe5 14.
Bxe5 Bg6 15. Nf3 Nd7 16. Bb2 Nf6 17. Ne5 Bf5 18. Nxc6 Qb6 19. Bxf6 g6 20.
Ne5 Rac8 21. Qh4 h5 22. Qg5 Qd6 23. Qh6 Qf8 24. Qh8# {Black checkmated} 1-0

[Event "ICC tourney 2056 (3 2)"]
[Site "Internet Chess Club"]
[Date "2020.10.12"]
[Round "9"]
[White "ekanshmehrotra"]
[Black "liuchess"]
[Result "0-1"]
[ICCResult "White forfeits on time"]
[WhiteElo "1494"]
[BlackElo "1611"]
[Opening "French: Tarrasch, closed variation"]
[ECO "C05"]
[NIC "FR.17"]
[Time "21:09:16"]
[TimeControl "180+2"]

1. e4 e6 2. d4 d5 3. Nd2 Nf6 4. e5 Nfd7 5. Bd3 c5 6. c3 Nc6 7. Ne2 f6 8.
exf6 Nxf6 9. O-O Bd6 10. Nf3 O-O 11. Be3 cxd4 12. cxd4 Qc7 13. Ng3 e5 14.
dxe5 Nxe5 15. Nxe5 Bxe5 16. Rc1 Qf7 17. b3 Bg4 18. f3 Bxg3 19. fxg4 Bxh2+
20. Kxh2 Qe6 21. Bc5 Nxg4+ 22. Kg1 Rxf1+ 23. Qxf1 Qe5 24. Qf5 Qh2+ 25. Kf1
Qh1+ 26. Ke2 Qxc1 27. Qxh7+ Kf7 28. Qg6+ Kg8 29. Qh7+ Kf7 30. Qh5+ Kg8 31.
Qh7+ Kf7 32. Qf5+ Nf6 33. Qg6+ Kg8 34. Be3 Qb2+ 35. Kf3 Qe5
{White forfeits on time}
0-1

[Event "ICC tourney 2056 (3 2)"]
[Site "Internet Chess Club"]
[Date "2020.10.12"]
[Round "9"]
[White "Tombstone"]
[Black "pmchess98"]
[Result "1-0"]
[ICCResult "Black checkmated"]
[WhiteElo "1650"]
[BlackElo "1399"]
[Opening "Budapest: Adler variation"]
[ECO "A52"]
[NIC "QG.01"]
[Time "21:09:26"]
[TimeControl "180+2"]

1. d4 Nf6 2. c4 e5 3. dxe5 Ng4 4. Nf3 Nc6 5. Bf4 Bb4+ 6. Nbd2 Qe7 7. a3
Ngxe5 8. Bxe5 Bxd2+ 9. Qxd2 Nxe5 10. Nxe5 Qxe5 11. e3 d6 12. Bd3 O-O 13. O-O
Be6 14. Rac1 Rad8 15. Qc2 h6 16. b4 d5 17. cxd5 Bxd5 18. Bc4 Be4 19. Qc3 Qg5
20. f3 Bg6 21. e4 a6 22. Bd5 c6 23. Bb3 Kh8 24. Rcd1 f5 25. f4 Qg4 26. e5
Rxd1 27. Bxd1 Qh4 28. g3 Qe7 29. Bf3 Rd8 30. Rd1 Rxd1+ 31. Bxd1 Bf7 32. Bb3
Bd5 33. Bxd5 cxd5 34. Qd4 Qe6 35. Qc5 b6 36. Qd6 Qc8 37. Qxd5 Qc1+ 38. Kg2
Qxa3 39. e6 Qxb4 40. Qd8+ Kh7 41. e7 Qe4+ 42. Kh3 Qf3 43. e8=Q Qg4+ 44. Kg2
h5 45. Qg8+ Kh6 46. Qh8+ Kg6 47. Qde8+ Kf6 48. Qhf8# {Black checkmated} 1-0

[Event "ICC tourney 2056 (3 2)"]
[Site "Internet Chess Club"]
[Date "2020.10.12"]
[Round "9"]
[White "steinutz"]
[Black "Vidipkona"]
[Result "1-0"]
[ICCResult "Black checkmated"]
[WhiteElo "1495"]
[BlackElo "1545"]
[Opening "Trompowsky attack (Ruth, Opocenský opening)"]
[ECO "A45"]
[NIC "QP.07"]
[Time "21:09:20"]
[TimeControl "180+2"]

1. d4 Nf6 2. Bg5 Ne4 3. Bf4 g6 4. e3 Bg7 5. Bd3 Nf6 6. Nc3 O-O 7. Nf3 d6 8.
h3 c5 9. O-O cxd4 10. exd4 Re8 11. Re1 Nc6 12. a3 Bd7 13. Bc4 a6 14. Ba2 Qc7
15. Ng5 e6 16. d5 exd5 17. Nxd5 Nxd5 18. Bxd5 Nd8 19. Bb3 Rxe1+ 20. Qxe1 h6
21. Nxf7 Nxf7 22. Qe7 Rf8 23. Rd1 Qc8 24. Rxd6 Bf5 25. g4 Bxc2 26. Bxf7+
Rxf7 27. Rd8+ Kh7 28. Qe8 Rf8 29. Rxc8 Rxe8 30. Rxe8 Ba4 31. Re7 Kg8 32.
Rxb7 Bb5 33. b3 g5 34. Be3 Bc6 35. Rb6 Bb5 36. a4 Bd3 37. Rb8+ Kh7 38. Rb7
Kg6 39. f4 gxf4 40. Bxf4 Bd4+ 41. Kh2 Bf6 42. Rb6 Kg7 43. Bxh6+ Kxh6 44.
Rxf6+ Kg5 45. Rb6 Kf4 46. b4 Ke4 47. b5 axb5 48. axb5 Bc4 49. Rb8 Kd5 50. b6
Kc6 51. Rc8+ Kxb6 52. Rxc4 Kb5 53. Rf4 Kc5 54. Rf5+ Kd6 55. h4 Ke6 56. h5
Ke7 57. h6 Ke6 58. h7 Ke7 59. h8=R Ke6 60. Rh6+ Ke7 61. g5 Kd7 62. Kg3 Ke7
63. Kg4 Kd7 64. g6 Ke7 65. g7 Kd7 66. g8=R Ke7 67. Rg7+ Ke8 68. Rh8#
{Black checkmated}
1-0

[Event "ICC tourney 2056 (3 2)"]
[Site "Internet Chess Club"]
[Date "2020.10.12"]
[Round "9"]
[White "MagnumPI"]
[Black "HemingLiu"]
[Result "1-0"]
[ICCResult "Black checkmated"]
[WhiteElo "1234"]
[BlackElo "1093"]
[Opening "QGD: Charousek (Petrosian) variation"]
[ECO "D31"]
[NIC "QP.08"]
[Time "21:09:13"]
[TimeControl "180+2"]

1. d4 d5 2. c4 e6 3. Nc3 Be7 4. cxd5 exd5 5. Nf3 Nf6 6. Bf4 O-O 7. e3 Nc6 8.
a3 Bg4 9. Be2 Ne4 10. h3 Bh5 11. Nxe4 dxe4 12. Nd2 Bxe2 13. Qxe2 Re8 14.
Nxe4 Bb4+ 15. axb4 Rxe4 16. Qd3 Re7 17. Qc3 h6 18. O-O a6 19. Rfd1 Qd7 20.
d5 Na7 21. Rac1 Nb5 22. Qc4 Rd8 23. e4 Nd6 24. Bxd6 cxd6 25. f3 b5 26. Qa2
Qa7+ 27. Kh1 Qe3 28. Re1 Qf4 29. Qxa6 Rb8 30. Rc6 Rd7 31. Rb6 Rxb6 32. Qxb6
Qd2 33. Rg1 Qxb2 34. Qxb5 Rd8 35. Qb6 Rc8 36. Qxd6 Re8 37. Qc5 Ra8 38. b5
Rb8 39. d6 Rxb5 40. Qc8+ Kh7 41. Qf5+ g6 42. Qxf7+ Kh8 43. d7 Rb7 44. d8=Q#
{Black checkmated}
1-0

[Event "ICC tourney 2056 (3 2)"]
[Site "Internet Chess Club"]
[Date "2020.10.12"]
[Round "9"]
[White "pawnsacrifice5"]
[Black "shanmukha123"]
[Result "1-0"]
[ICCResult "Black forfeits on time"]
[WhiteElo "1965"]
[BlackElo "1654"]
[Opening "QGD"]
[ECO "D52"]
[NIC "SL.03"]
[Time "21:09:18"]
[TimeControl "180+2"]

1. Nf3 c6 2. c4 d5 3. d4 Nf6 4. Nc3 e6 5. Bg5 Nbd7 6. e3 Bb4 7. Qc2 Qa5 8.
Bxf6 Nxf6 9. Nd2 dxc4 10. Nxc4 Qc7 11. g3 O-O 12. Bg2 b5 13. Ne5 Bb7 14. a3
Bxc3+ 15. Qxc3 Rac8 16. Qc5 Rfd8 17. O-O a6 18. Rac1 Nd5 19. Nd3 f5 20. Nf4
Qf7 21. Nxd5 cxd5 22. Qb6 Qd7 23. Rc5 Rc6 24. Rxc6 Bxc6 25. Rc1 Rc8 26. Qxa6
Bb7 27. Rxc8+ Qxc8 28. Qd6 h6 29. Qc5 Qd7 30. Bf1 Bc6 31. h4 Kh7 32. Bd3 g6
33. Bc2 Kg7 34. b3 Kf7 35. Qb6 g5 36. hxg5 hxg5 37. Qb8 Qe7 38. b4 Be8 39.
Bd3 Qd7 40. Kg2 g4 41. Qb6 {Black forfeits on time} 1-0

[Event "ICC tourney 2056 (3 2)"]
[Site "Internet Chess Club"]
[Date "2020.10.12"]
[Round "9"]
[White "saisiva765"]
[Black "hackerguru"]
[Result "1-0"]
[ICCResult "Black resigns"]
[WhiteElo "1728"]
[BlackElo "1546"]
[Opening "Queen's pawn: London system"]
[ECO "A45"]
[NIC "QP.07"]
[Time "21:09:26"]
[TimeControl "180+2"]

1. d4 Nf6 2. Bf4 d5 3. e3 c5 4. c3 Nc6 5. Nd2 e6 6. Ngf3 cxd4 7. exd4 Nh5 8.
Bg5 f6 9. Bh4 Nf4 10. Bg3 Ng6 11. Bd3 f5 12. O-O Bd6 13. Re1 O-O 14. Be5
Ngxe5 15. Nxe5 Nxe5 16. dxe5 Be7 17. c4 Bg5 18. Nf3 Bh6 19. Qb3 d4 20. c5 g5
21. Bc4 g4 22. Bxe6+ Kh8 23. Bxc8 gxf3 24. Bxb7 Rb8 25. Qxf3 d3 26. Rad1 d2
27. Rf1 Qc7 28. c6 Qxe5 29. Qh5 Qf6 30. f4 Qd4+ 31. Kh1 Bxf4 32. Qh4 Be5 33.
Qxd4 Bxd4 34. Rxd2 Bb6 35. Rd7 Rbd8 36. Rfd1 Rxd7 37. Rxd7 Rd8 38. Rxd8+
Bxd8 39. g3 Kg7 40. Kg2 Kf6 41. Kf3 Ke5 42. Bc8 Bc7 43. Bd7 Bd6 44. h3 Bc7
45. g4 f4 46. h4 Kf6 47. b4 Ke5 48. g5 Kd6 49. Kxf4 Ke7+ 50. Kf5 Kf7 51. h5
a5 52. b5 Bb6 53. g6+ hxg6+ 54. hxg6+ Kg7 55. a4 Bc7 56. Be8 Bb6 57. Ke6
{Black resigns}
1-0

[Event "ICC tourney 2056 (3 2)"]
[Site "Internet Chess Club"]
[Date "2020.10.12"]
[Round "9"]
[White "oxdidi"]
[Black "chief2006"]
[Result "1-0"]
[ICCResult "Black forfeits on time"]
[WhiteElo "1148"]
[BlackElo "1247"]
[Opening "Giuoco Piano"]
[ECO "C54"]
[NIC "IG.02"]
[Time "21:09:13"]
[TimeControl "180+2"]

1. e4 e5 2. Nf3 Nc6 3. Bc4 Bc5 4. c3 Nf6 5. d3 d6 6. h3 O-O 7. Nbd2 Na5 8.
Bb5 c6 9. Ba4 b5 10. Bc2 Bb6 11. b4 Nb7 12. Nf1 Re8 13. Ng3 d5 14. Bg5 h6
15. Bd2 dxe4 16. dxe4 Nd6 17. O-O Nc4 18. Qe2 Nxd2 19. Qxd2 Qxd2 20. Nxd2
Be6 21. Nf3 Bc4 22. Rfe1 Rad8 23. a3 a5 24. bxa5 Bxa5 25. Re3 Bb6 26. Ree1
Ra8 27. a4 Ba5 28. Re3 b4 29. cxb4 Bxb4 30. Bd3 Bxd3 31. Rxd3 Red8 32. Rxd8+
Rxd8 33. a5 Ra8 34. a6 Nd7 35. a7 Bc5 36. Nf5 Rxa7 37. Rxa7 Bxa7 38. Ne7+
Kf8 39. Nxc6 f6 40. Nxa7 Nc5 41. Nc6 Nxe4 42. Nb4 Ke7 43. Nc6+ Kd6 44. Nd8
Kd7 45. Nf7 Ke6 46. Nd8+ Kd7 47. Nb7 Kc7 48. Na5 Kb6 49. Nc4+ Kc5 50. Ncd2
Nd6 51. Nb3+ Kb4 52. Nfd2 Nf5 53. g4 Nd6 54. Kg2 Kc3 55. Kf3
{Black forfeits on time}
1-0

[Event "ICC tourney 2056 (3 2)"]
[Site "Internet Chess Club"]
[Date "2020.10.12"]
[Round "9"]
[White "javasri"]
[Black "chessrex"]
[Result "1-0"]
[ICCResult "Black checkmated"]
[WhiteElo "1695"]
[BlackElo "1865"]
[Opening "Philidor: Philidor counter-gambit"]
[ECO "C41"]
[NIC "KP.08"]
[Time "21:09:45"]
[TimeControl "180+2"]

1. e4 e5 2. Nf3 d6 3. d4 f5 4. exf5 e4 5. Ng5 Nf6 6. g4 d5 7. Bg2 h6 8. Nh3
g6 9. fxg6 Bxg4 10. Qd2 Qd7 11. Nf4 Bg7 12. h4 h5 13. Qb4 c6 14. Be3 Na6 15.
Qa3 Bf8 16. Qb3 O-O-O 17. Nc3 Rg8 18. Kd2 Kb8 19. Rag1 Nc7 20. Kc1 Ka8 21.
Na4 Bf5 22. Bh3 Bd6 23. Bxf5 Qxf5 24. Rg5 Qd7 25. Rhg1 Bxf4 26. Bxf4 Na6 27.
Be5 Qe6 28. Qe3 Ng4 29. Qf4 Rdf8 30. Qg3 Rf3 31. Qg2 Rxf2 32. Qg3 Rf3 33.
Qg2 Ne3 34. Qd2 Nc4 35. Qe2 Re3 36. Qf2 Rf3 37. Qe2 Re3 38. Qxh5 Nb4 39. a3
Na6 40. Qg4 Qe7 41. h5 Nxa3 42. h6 Qb4 43. h7 Re1+ 44. Rxe1 Qxe1+ 45. Qd1
Qe3+ 46. Qd2 Qxd2+ 47. Kxd2 Nc4+ 48. Ke2 Re8 49. g7 Nxe5 50. dxe5 b5 51.
g8=Q Rxg8 52. hxg8=Q+ Kb7 53. Rg7+ Nc7 54. Nc5+ Kb6 55. Qb8+ Ka5 56. Qxc7+
Kb4 57. c3+ Kc4 58. Qxa7 b4 59. Qa6+ Kxc5 60. cxb4+ Kxb4 61. Qxc6 d4 62.
Qxe4 Kc4 63. Rd7 Kb3 64. Qd3+ Ka2 65. Rxd4 Ka1 66. Ra4+ Kxb2 67. Rc4 Ka2 68.
Qd5 Kb2 69. Qb5+ Ka2 70. Ra4# {Black checkmated} 1-0

[Event "ICC tourney 2056 (3 2)"]
[Site "Internet Chess Club"]
[Date "2020.10.12"]
[Round "9"]
[White "drabmolc"]
[Black "ChessMonkey123"]
[Result "1-0"]
[ICCResult "Black checkmated"]
[WhiteElo "1414"]
[BlackElo "1322"]
[Opening "Queen's pawn game"]
[ECO "A45"]
[NIC "QP.07"]
[Time "21:10:06"]
[TimeControl "180+2"]

1. d4 Nf6 2. e3 d5 3. f4 e6 4. Nf3 c5 5. c3 Nc6 6. Bd3 Bd7 7. Nbd2 Qb6 8.
O-O cxd4 9. exd4 Bd6 10. g3 e5 11. Nxe5 Nxe5 12. fxe5 Bxe5 13. Nf3 Bd6 14.
Qe2+ Be6 15. Ng5 Ke7 16. Bf5 Bc7 17. Re1 Kf8 18. Bxe6 fxe6 19. Nxe6+ Kf7 20.
Nxc7 Qxc7 21. Qe6+ Kg6 22. Bf4 Qc4 23. Qe2 Qc6 24. Qc2+ Kf7 25. Be5 Rhe8 26.
Bxf6 Qxf6 27. Rf1 Re6 28. Rxf6+ Rxf6 29. Rf1 Re8 30. Rxf6+ gxf6 31. Qf2 Kg7
32. Kg2 Re6 33. Qf3 Rd6 34. b3 b6 35. Qf5 h6 36. h4 Kf7 37. g4 Kg7 38. Kg3
Kf7 39. h5 Kg7 40. Qg6+ Kf8 41. Qxh6+ Ke7 42. Qg7+ Ke6 43. h6 Rd8 44. h7 Re8
45. h8=Q Rxh8 46. Qxh8 Kd6 47. Qxf6+ Kc7 48. g5 Kb7 49. g6 Ka6 50. g7 Ka5
51. g8=Q Ka6 52. Qc8+ Ka5 53. b4+ Ka4 54. Qfc6+ Ka3 55. Qa6+ Kb2 56. Qxd5
Ka1 57. c4 Kb2 58. c5 bxc5 59. dxc5 Ka1 60. Qf1+ Kb2 61. Qd2+ Ka3 62. Qfd3+
Ka4 63. Q2c2+ Kxb4 64. Qdb3+ Ka5 65. Qcc3+ Ka6 66. Qcc4+ Ka5 67. Qbb5#
{Black checkmated}
1-0

[Event "ICC tourney 2056 (3 2)"]
[Site "Internet Chess Club"]
[Date "2020.10.12"]
[Round "9"]
[White "elevinchess"]
[Black "stephenwilly"]
[Result "1-0"]
[ICCResult "Black checkmated"]
[WhiteElo "1649"]
[BlackElo "1512"]
[Opening "King's pawn game"]
[ECO "C50"]
[NIC "IG.03"]
[Time "21:09:15"]
[TimeControl "180+2"]

1. e4 e5 2. Nf3 Nc6 3. Bc4 Bd6 4. d4 exd4 5. Nxd4 Bc5 6. Nf5 Nf6 7. Nxg7+
Kf8 8. Bh6 Bxf2+ 9. Kxf2 Nxe4+ 10. Ke3 Qf6 11. Nf5+ Ke8 12. Bg7 Qxf5 13.
Bxh8 d6 14. Rf1 Qc5+ 15. Kxe4 Qxc4+ 16. Ke3 Bg4 17. Qd3 Qc5+ 18. Bd4 Qg5+
19. Kf2 Qf4+ 20. Kg1 Qxd4+ 21. Qxd4 Nxd4 22. Nc3 Nxc2 23. Rac1 Nd4 24. Nd5
Ne2+ 25. Kf2 Nxc1 26. Nxc7+ Kd7 27. Nxa8 Nd3+ 28. Ke3 Ne5 29. Rc1 Nc6 30. b4
b5 31. a4 a6 32. axb5 axb5 33. Nb6+ Kc7 34. Nd5+ Kb7 35. Nf6 Bf5 36. g4 Bg6
37. g5 Ne5 38. Rd1 Kc6 39. Ne4 Bh5 40. Rxd6+ Kc7 41. Ra6 Nc4+ 42. Kf4 Bg6
43. Ra7+ Kb6 44. Re7 Nb2 45. Nd6 Nd3+ 46. Kg4 Nxb4 47. Nxf7 Nd5 48. Re6+ Kc5
49. Ne5 Ne3+ 50. Kf4 Kd5 51. Re7 Kd4 52. Nc6+ Kc5 53. Kxe3 Kxc6 54. Kd4 Kd6
55. Rb7 Kc6 56. Rg7 Kd6 57. h4 b4 58. h5 Bxh5 59. Rxh7 Bg6 60. Rh6 b3 61.
Rxg6+ Kc7 62. Rh6 b2 63. Rh1 Kd6 64. Rb1 Ke7 65. Rxb2 Ke6 66. Ke4 Kf7 67.
Kf5 Ke7 68. g6 Kf8 69. Kf6 Ke8 70. Rd2 Kf8 71. g7+ Kg8 72. Rd8+ Kh7 73. Rh8#
{Black checkmated}
1-0

[Event "ICC tourney 2056 (3 2)"]
[Site "Internet Chess Club"]
[Date "2020.10.12"]
[Round "9"]
[White "clydedrexler22"]
[Black "Atomic-Player"]
[Result "0-1"]
[ICCResult "White forfeits on time"]
[WhiteElo "1537"]
[BlackElo "1646"]
[Opening "Queen's pawn: London system"]
[ECO "A45"]
[NIC "QP.07"]
[Time "21:09:18"]
[TimeControl "180+2"]

1. d4 Nf6 2. Bf4 g6 3. e3 Bg7 4. Nf3 O-O 5. Be2 d6 6. O-O c5 7. c3 Nc6 8. h3
Re8 9. Bh2 b6 10. Na3 Bb7 11. Nc2 Nd7 12. a4 e5 13. Na3 e4 14. Nd2 cxd4 15.
cxd4 d5 16. Nb5 Re7 17. Bd6 Re6 18. Bg3 Re7 19. Rc1 Nf6 20. Nd6 Nb4 21. Qb3
a5 22. Nxb7 Rxb7 23. Nb1 Rc8 24. Nc3 Qd7 25. Nb5 h6 26. Rxc8+ Qxc8 27. Nd6
Qd7 28. Nxb7 Qxb7 29. Rc1 Nh5 30. Bh2 Qe7 31. Rc7 Qg5 32. Qc3 Nf6 33. Rc8+
Kh7 34. Qc7 Nd3 35. Qxf7 Qf5 36. Bg3 Qxc8 37. Bd6 Qd7 38. Qxd7 Nxd7 39. Bc7
Nxb2 40. Bb5 Nf6 41. Bxb6 Bf8 42. Bxa5 Nd3 43. Bd8 Ng8 44. a5 Ne7 45. Bd7
Nb4 46. Bb5 Nec6 47. Bb6 Bd6 48. a6 Bb8 49. Bc5 Ba7 50. Bd6 Kg7 51. f3 Kf6
52. fxe4 dxe4 53. Kf2 Ke6 54. Bf8 h5 55. g4 hxg4 56. hxg4 Kd7 57. Kg3 Kc7
58. Bc4 Kb6 59. Bc5+ Kc7 60. Bf8 Bb6 61. Kf4 Nd3+ 62. Kxe4 Nf2+ 63. Kd5 Nxg4
64. e4 Ne3+ 65. Ke6 Nxd4+ 66. Kf6 Nxc4 67. Kxg6 Ne5+ 68. Kf6 Nef3 69. e5 Kb8
70. e6 Nxe6 71. Kxe6 Ka7 72. Kd5 Kxa6 73. Bc5 Bc7 74. Bd6 Ba5 75. Bc5 Nd2
76. Bd4 Nb3 77. Ke4 Bc7 78. Be5 Bb6 79. Kd5 Nd2 80. Bd4 Bc7 81. Be5 Ba5 82.
Bd4 Nf3 83. Bf6 Ne1 84. Ke4 Nc2 85. Kd3 Nb4+ 86. Kc4 Nc6 87. Kc5 Nb4 88. Kc4
Nc6 89. Kc5 Na7 90. Kc4 Nb5 91. Kc5 Bb6+ 92. Kc4 Nd6+ 93. Kd5 Nb5 94. Kc4
Na3+ 95. Kb3 Nb5 96. Kc4 Nc7 97. Kd3 Ne6 98. Be7 Kb5 99. Bd6 Kc6 100. Be7
Kd5 101. Bf6 Nf4+ 102. Kc2 Ke4 103. Bg7 Nd5 104. Bf8 Bd4 105. Kb3 Ne3 106.
Kb4 Be5 107. Kb3 Kd3 108. Bh6 Nd5 109. Bf8 Bc3 110. Bd6 Ne3
{White forfeits on time}
0-1